 Dungeon Crawl Stone Soup version 0.30-a0-371-gad7725a93e (webtiles) character file.

Game seed: 5540824400901343733

3416 Pooter the Fighter (level 9, 0/85 HPs)
             Began as a Minotaur Berserker on Nov 22, 2022.
             Was a Believer of Trog.
             Slain by Amaemon
             ... wielding a +1 demon whip of venom
              (11 damage)
             ... on level 8 of the Dungeon.
             The game lasted 00:32:12 (8702 turns).

Pooter the Fighter (Minotaur Berserker)             Turns: 8702, Time: 00:32:13

Health: 0/85       AC: 12    Str: 26    XL:     9   Next: 76%
Magic:  0/8        EV:  9    Int:  4    God:    Trog [**....]
Gold:   141        SH:  0    Dex: 10    Spells: 8/8 levels left

rFire   . . .      SeeInvis .    a - +3 battleaxe (vorpal)
rCold   . . .      Faith    .    (shield currently unavailable)
rNeg    + . .      Spirit   .    p - +0 chain mail
rPois   .          Reflect  .    (helmet restricted)
rElec   .          Harm     .    m - +1 cloak
rCorr   .          Rampage  .    j - +0 pair of gloves {infuse}
Will    .....                    (no boots)
Stlth   ..........               o - amulet of regeneration
HPRegen 1.14/turn                N - ring of positive energy
MPRegen 0.11/turn                (no ring)

@: lethally poisoned (0 -> -24), on berserk cooldown, slowed, very slow
A: horns 2, retaliatory headbutt
a: Renounce Religion, Berserk, Trog's Hand


You were on level 8 of the Dungeon.
You worshipped Trog.
Trog was pleased with you.
You visited 1 branch of the dungeon, and saw 8 of its levels.

You collected 623 gold pieces.
You spent 482 gold pieces at shops.

Inventory:

Hand Weapons
 a - a +3 vorpal battleaxe (weapon)
   (You bought it in a shop on level 6 of the Dungeon)
 b - a +0 shortbow
   (You found it on level 2 of the Dungeon)
 x - a +2 halberd of freezing
   (You took it off a wight on level 6 of the Dungeon)
 A - a +4 flail of freezing
   (You took it off a wight on level 5 of the Dungeon)
Missiles
 i - 2 throwing nets {!f}
 r - 20 poisoned darts
 s - 7 boomerangs
 I - a javelin
 Q - 84 stones (quivered)
Armour
 j - a +0 pair of gloves of infusion (worn)
   (You found it on level 1 of the Dungeon)
 m - a +1 cloak (worn)
   (You found it on level 7 of the Dungeon)
 p - a +0 chain mail (worn)
   (You took it off an orc warrior on level 7 of the Dungeon)
Jewellery
 o - an amulet of regeneration (around neck)
   (You found it on level 7 of the Dungeon)
 G - a ring of fire
   (You found it on level 8 of the Dungeon)
 N - a ring of positive energy (left hand)
   (You found it on level 7 of the Dungeon)
Wands
 f - a wand of flame (17)
   (You took it off Ijyb on level 5 of the Dungeon)
 v - a wand of polymorph (9)
   (You found it on level 4 of the Dungeon)
 y - a wand of mindburst (14)
   (You took it off an orc wizard on level 5 of the Dungeon)
Scrolls
 c - a scroll of butterflies
 g - 4 scrolls of noise {!r}
 l - a scroll of vulnerability {!r}
 t - 8 scrolls of teleportation {@r4}
 u - a scroll of enchant armour
 w - a scroll of silence
 C - a scroll of magic mapping
 F - 2 scrolls of torment {!r}
 J - a scroll of blinking
Potions
 d - 2 potions of magic {unknown}
 e - a potion of cancellation {unknown}
 h - 4 potions of might
 k - a potion of brilliance {unknown}
 n - 3 potions of mutation {!q}
 q - 3 potions of flight
 z - a potion of haste {unknown}
 B - a potion of lignification {unknown}
 D - 2 potions of heal wounds {@q2}
 E - 2 potions of ambrosia {unknown}
 H - a potion of curing {@q1}


   Skills:
 * Level 10.1 Fighting
 + Level 7.5 Axes
 * Level 8.1 Ranged Weapons
 - Level 2.4 Armour
 - Level 4.8 Dodging
 - Level 3.1 Stealth
 + Level 3.3 Evocations


You had 8 spell levels left.
You didn't know any spells.
Your spell library was empty.

Dungeon Overview and Level Annotations

Branches:
Dungeon (8/15)             Temple (0/1) D:4
   Lair: D:8-11

Altars:
Cheibriados
Elyvilon
Ru

Shops:
D:6 :(*?

Annotations:
D:8 Amaemon


Innate Abilities, Weirdness & Mutations

You have a pair of horns on your head.
You reflexively headbutt those who attack you in melee.


Message History

The orc shouts! x2
You hit the scorpion but do no damage.
* * * LOW MAGIC WARNING * * *
You slash the scorpion!
You kill the scorpion!
The scorpion's corpse disappears in a puff of smoke!
You feel extremely sick.
The scorpion stings you but does no damage.
The orange demon stings you from afar.
Amaemon hits you with a +1 demon whip of venom!
You are more poisoned.
Amaemon claws you but does no damage.
Amaemon tail-slaps you but does no damage.
* * * LOW MAGIC WARNING * * *
You slash Amaemon!
* * * LOW MAGIC WARNING * * *
You slash the scorpion!
You kill the scorpion!
The scorpion's corpse disappears in a puff of smoke!
You feel extremely sick.
* * * LOW MAGIC WARNING * * *
You slash Amaemon! Your headbutt misses Amaemon.
You feel extremely sick.
Amaemon points at the orange demon and mumbles some strange words.
The orange demon seems to grow toxic.
The orc priest mumbles some strange prayers to Beogh against you.
Beogh smites you!
* * * LOW HITPOINT WARNING * * *
The orange demon barely misses you.
You closely miss Amaemon. Your headbutt misses Amaemon.
* * * LOW HITPOINT WARNING * * *
You feel extremely sick. Amaemon barely misses you. You furiously retaliate!
You headbutt Amaemon!! Amaemon claws you.
* * * LOW HITPOINT WARNING * * *
Amaemon tail-slaps you but does no damage.
An orc warrior comes into view. It is wielding a +0 dire flail.
The orange demon stings you but does no damage.
You closely miss Amaemon.
The orc warrior shouts!
Your headbutt misses Amaemon. You slash the orc priest!
You are no longer berserk.
You are exhausted.
You feel yourself slow down.
* * * LOW HITPOINT WARNING * * *
You feel extremely sick.
The orc priest hits you but does no damage.
You are more poisoned.
Amaemon hits you with a +1 demon whip of venom!
You die...

#..# ###...###. #..#
###.....###. #..#
##.......##..
#))###........#...
#.)#..........#.#.
#...............#.
#.............#...
##ยง....).......###.
#.@8.8.........# ##
#..6o..........## #
#..84......##...#
#....o_o...# ####
#..8.....8.#
#..........#
#....8o((...
.!..........


You could see Amaemon, an orange demon (curare), an orc warrior, an orc priest
and 2 orcs.

Vanquished Creatures
  A troll (D:7)
  5 yaks (D:5)
  A golden eye (D:7)
  2 steam dragons (D:8)
  2 water moccasins
  An orc warrior (D:7)
  4 sky beasts
  A centaur (D:8)
  An ogre (D:5)
  A scorpion (D:6)
  A gnoll sergeant (D:8)
  4 wights
  4 killer bees (D:7)
  4 electric eels (D:6)
  A howler monkey (D:5)
  2 orc priests
  3 hounds
  3 jellies
  Ijyb (D:5)
  4 orc wizards (D:5)
  7 adders
  8 gnolls
  An ufetubus (D:6)
  2 worms
  2 dart slugs
  14 orcs
  9 ball pythons
  6 endoplasms
  3 giant cockroaches
  5 goblins
  4 hobgoblins
  3 jackals
  A quokka (D:1)
  3 bats
  A frilled lizard (D:3)
  3 kobolds
  5 rats
123 creatures vanquished.

Vanquished Creatures (others)
  19 plants
19 creatures vanquished.

Grand Total: 142 creatures vanquished

Notes
Turn   | Place    | Note
-------+----------+-------------------------------------------
     0 | D:1      | Pooter the Minotaur Berserker began the quest for the Orb.
     0 | D:1      | Reached XP level 1. HP: 19/19 MP: 0/0
   339 | D:1      | Found a faded altar of an unknown god.
   524 | D:1      | Reached XP level 2. HP: 25/27 MP: 1/1
   539 | D:1      | Reached skill level 4 in Fighting
   863 | D:2      | You fall into a shaft and drop 2 floors!
   866 | D:4      | Found a staircase to the Ecumenical Temple.
   872 | D:4      | Identified the +11 sling "Pesazeum" {drain, Fragile Int+5}
   944 | D:2      | Reached XP level 3. HP: 27/33 MP: 2/2
  1720 | D:2      | Reached skill level 1 in Stealth
  2171 | D:3      | Reached skill level 1 in Ranged Weapons
  2202 | D:3      | Reached XP level 4. HP: 41/41 MP: 3/3
  2206 | D:3      | Reached ** piety under Trog
  2366 | D:3      | Identified the +5 dagger "Jiaps" {flame, +Blink rF- Str+4
                  | Dex+5}
  2593 | D:4      | Identified the +0 leather armour of Spite {Drain Will+
                  | SInv}
  2850 | D:4      | Reached skill level 5 in Fighting
  2898 | D:4      | Reached XP level 5. HP: 44/48 MP: 4/4
  3379 | D:5      | Entered Level 5 of the Dungeon
  3412 | D:5      | Noticed Ijyb
  3419 | D:5      | Killed Ijyb
  3421 | D:5      | Noticed a yak
  3425 | D:5      | Killed a yak
  3426 | D:5      | Reached XP level 6. HP: 30/57 MP: 5/5
  3428 | D:5      | Noticed a yak
  3428 | D:5      | Noticed a yak
  3428 | D:5      | Noticed a yak
  3428 | D:5      | Noticed a yak
  3786 | D:5      | Reached skill level 6 in Fighting
  3923 | D:5      | Found a white marble altar of Elyvilon.
  3929 | D:5      | Reached XP level 7. HP: 63/63 MP: 6/6
  3936 | D:5      | Reached skill level 5 in Axes
  4127 | D:5      | Killed a yak
  4866 | D:5      | Found a sacrificial altar of Ru.
  4905 | D:5      | Killed a yak
  4906 | D:5      | Reached skill level 7 in Fighting
  4919 | D:5      | Killed a yak
  4920 | D:5      | Reached skill level 5 in Ranged Weapons
  4920 | D:5      | Reached XP level 8. HP: 41/73 MP: 7/7
  5618 | D:6      | Reached skill level 8 in Fighting
  5618 | D:6      | Reached skill level 1 in Evocations
  6364 | D:6      | Found Beaq's General Store.
  6364 | D:6      | Found Hilajou's Book Shop.
  6366 | D:6      | Found Bungam's Weapon Shop.
  6367 | D:6      | Found Qudask's Magic Scroll Shop.
  6372 | D:6      | Bought a scroll of identify for 24 gold pieces
  6372 | D:6      | Bought 2 scrolls of identify for 48 gold pieces
  6384 | D:6      | Bought a +2 vorpal battleaxe for 260 gold pieces
  6824 | D:7      | Noticed a troll
  6834 | D:7      | Killed a troll
  6835 | D:7      | Reached XP level 9. HP: 35/82 MP: 6/8
  7291 | D:6      | Bought a scroll of enchant weapon for 90 gold pieces
  7381 | D:7      | Reached skill level 9 in Fighting
  7524 | D:7      | Found a snail-covered altar of Cheibriados.
  7733 | D:7      | Identified the +2 robe of Chimes {Str+4}
  8410 | D:6      | Bought a potion of heal wounds for 60 gold pieces
  8539 | D:8      | Reached skill level 10 in Fighting
  8651 | D:8      | Found a faded altar of an unknown god.
  8690 | D:8      | Noticed Amaemon
  8691 | D:8      | Noticed an orange demon
  8702 | D:8      | Slain by Amaemon

Illustrated notes

Levels and vault maps discovered:
D:1:      dpeg_arrival_boxes_within_box, layout_basic,
          hellmonk_ecumenical_altar_lost_god
D:2:      layout_rooms, serial_forest, infiniplex_forest_clump_double,
          infiniplex_forest_zigzag_1, infiniplex_forest_straight_4,
          infiniplex_forest_straight_2, infiniplex_forest_end_3,
          infiniplex_forest_join, infiniplex_forest_clump_small,
          grunt_decor_mini_mirrors, minmay_quantized
D:3:      layout_basic, dk_noncrumbling_3, nrook_loot_triangle,
          chequers_serial_rivers_small_b
D:4:      layout_basic, minmay_temple_entry_offerings, st_stairs_14
D:5:      layout_basic, nicolae_overflow_crystal_walls,
          nicolae_ru_the_path_less_chosen, uniq_ijyb
D:6:      wad_lake_hut, layout_loops_corners, minmay_shop_grid_forest,
          minmay_door_square
D:7:      layout_loops_corners, slow_altar_1
D:8:      layout_cave_pods, serial_column_ruins, column_ruins_circle_medium,
          column_ruins_temple_circle, column_ruins_open_small,
          column_ruins_open_small, column_ruins_columns_dead_end,
          column_ruins_corridor_T, column_ruins_open_medium,
          hangedman_misty_isle, uniq_amaemon

Skill      XL: |  1  2  3  4  5  6  7  8  9 |
---------------+----------------------------+-----
Fighting       | 4 5 6 7 8 10 | 10.1
Axes           | 4 5 6 7 |  7.5
Stealth        | 1 2 3 |  3.1
Ranged Weapons | 1 2 3 5 6 8 |  8.1
Dodging        | 3 4 |  4.8
Evocations     | 2 3 |  3.3
Armour         | |  2.4

Action                   |  1- 3 |  4- 6 |  7- 9 || total
-------------------------+-------+-------+-------++-------
Melee: Hand axe          |    42 |       |       ||    42
       Headbutt          |     6 |       |     4 ||    10
       Battleaxe         |       |       |    56 ||    56
 Fire: Sling             |    49 |    57 |    96 ||   202
       Shortbow          |       |       |    26 ||    26
Throw: Javelin           |       |       |     2 ||     2
Invok: Berserk           |     1 |       |     6 ||     7
       Trog's Hand       |       |       |     5 ||     5
Evoke: Wand              |       |       |     7 ||     7
  Use: Scroll            |     5 |     1 |    13 ||    19
       Potion            |       |       |     1 ||     1
Armor: Scale mail        |    29 |    19 |    11 ||    59
       Chain mail        |       |       |    41 ||    41
Dodge: Dodged            |    29 |    12 |    41 ||    82

Table legend: (Time is in decaauts)
 A = Elapsed time spent in this place.
 B = Non-inter-level travel time spent in this place.
 C = Inter-level travel time spent in this place.
 D = Time resting spent in this place.
 E = Time spent auto-exploring this place.
 F = Levels seen in this place.
 G = Mean time per level.
                   A        B        C        D        E       F      G
               +--------+--------+--------+--------+--------+-----+--------+
         Total |   8885 |   8409 |    476 |   2748 |   4519 |   8 | 1110.6 |
       Dungeon |   8885 |   8409 |    476 |   2748 |   4519 |   8 | 1110.6 |
               +--------+--------+--------+--------+--------+-----+--------+

Top non-repeatable levels by time:
     D:5: 1716 daAuts
     D:7: 1634 daAuts
     D:6: 1473 daAuts
     D:2: 1276 daAuts
     D:4: 1199 daAuts
     D:1: 764 daAuts
     D:3: 526 daAuts
     D:8: 293 daAuts
